 Dungeon Crawl Stone Soup version 0.22.1-1-ga44c0e5 (webtiles) character file.

112 MalarOregon the Slasher (level 4, -3/40 HPs)
             Began as a Minotaur Berserker on Sept 21, 2018.
             Was a Believer of Trog.
             Slain by a gnoll
             ... wielding a +0 flail
              (5 damage)
             ... on level 2 of the Dungeon.
             The game lasted 00:02:29 (973 turns).

MalarOregon the Slasher (Minotaur Berserker)         Turns: 973, Time: 00:02:30

Health: -3/40      AC:  9    Str: 22    XL:     4   Next: 63%
Magic:  3/3        EV:  9    Int:  4    God:    Trog [**....]
Gold:   25         SH:  0    Dex: 10    Spells: 3/3 levels left

rFire    . . .     SeeInvis .   a - +0 falchion
rCold    . . .     Gourm    .   (no shield)
rNeg     . . .     Faith    .   f - +0 chain mail
rPois    .         Spirit   .   (helmet restricted)
rElec    .         Reflect  .   (no cloak)
rCorr    .         Harm     .   (no gloves)
MR       .....                  (no boots)
Stlth    ..........             (no amulet)
HPRegen  0.13/turn              (no ring)
MPRegen  0.08/turn              (no ring)

@: berserk cooldown, slowed, very slow
A: retaliatory headbutt, horns 2
a: Berserk, Trog's Hand, Renounce Religion


You were on level 2 of the Dungeon.
You worshipped Trog.
Trog was pleased with you.
You were hungry.

You visited 1 branch of the dungeon, and saw 2 of its levels.

You collected 25 gold pieces.

Inventory:

Hand Weapons
 a - a +0 falchion (weapon)
Missiles
 d - 67 stones (quivered)
 i - 2 curare-tipped needles {!f}
Armour
 f - a +0 chain mail (worn)
   (You found it on level 1 of the Dungeon)
Scrolls
 g - 3 scrolls of identify {unknown}
 h - 2 scrolls of remove curse {unknown}
Potions
 b - a potion of degeneration {unknown}
Comestibles
 c - 6 chunks of flesh
 e - 3 rations {!d}


   Skills:
 + Level 4.2 Fighting
 * Level 4.8 Long Blades
 + Level 1.5 Throwing
 + Level 3.2 Armour
 + Level 3.0 Dodging


You had 3 spell levels left.
You didn't know any spells.
Your spell library was empty.

Dungeon Overview and Level Annotations

Branches:
Dungeon (2/15)

Altars:


Innate Abilities, Weirdness & Mutations

You reflexively headbutt those who attack you in melee.
You have a pair of horns on your head.


Message History

The gnoll hits you but does no damage.
The gnoll hits you from afar with a halberd.
You slice the gnoll!!
You kill the gnoll!
Trog accepts your kill. The gnoll hits you but does no damage.
Unknown command.
You see here a gnoll corpse.
You hit the gnoll. The gnoll hits you with a halberd.
You slash the gnoll! Your headbutt misses the gnoll. You hit the gnoll.
You kill the gnoll!
Trog accepts your kill.
A goblin comes into view. It is wielding a dagger.
You see here a halberd.
You feel a strong urge to attack something.
A hobgoblin and a gnoll come into view.
The gnoll shouts!
The hobgoblin shouts!
You feel your anger nearly subside.
You are no longer berserk.
You are exhausted.
You feel yourself slow down.
You hit the hobgoblin.
The hobgoblin hits you but does no damage. x2
The goblin closely misses you.
You completely miss the hobgoblin. The hobgoblin hits you.
The goblin hits you but does no damage.
The hobgoblin hits you but does no damage.
You closely miss the hobgoblin. Your headbutt misses the hobgoblin.
The goblin hits you but does no damage. The hobgoblin hits you.
The goblin hits you with a dagger.
You hit the hobgoblin.
You kill the hobgoblin!
Trog accepts your kill.
The goblin hits you with a dagger. x2; The gnoll hits you with a flail.
You hit the goblin.
You kill the goblin!
Trog accepts your kill.
Your Dodging skill increases to level 3!
The gnoll hits you with a flail.
* * * LOW HITPOINT WARNING * * *
You hit the gnoll but do no damage. The gnoll hits you but does no damage.
You hit the gnoll but do no damage. The gnoll hits you with a flail!
* * * LOW HITPOINT WARNING * * *
You closely miss the gnoll. Your headbutt misses the gnoll.
The gnoll hits you but does no damage. The gnoll hits you with a flail.
* * * LOW HITPOINT WARNING * * *
You hit the gnoll but do no damage. The gnoll hits you with a flail.
* * * LOW HITPOINT WARNING * * *
You hit the gnoll. The gnoll hits you with a flail.
You die...

.... .... #.# ... #.#
#### #.# . .... ... ..
################.# ..#
....#.........##.# ....
....#.#####...##g# ....#
....#.#######.##@#.....#
.....(.......†)..)......
#.###.###...###.........
.............##.........
......###...###.........
..................$.....
......###...############
......# ####.... ......#
.#..


You could see a gnoll.

Vanquished Creatures
  Terence (D:2)
  4 gnolls
  An adder (D:2)
  2 dart slugs
  2 bats
  4 giant cockroaches
  4 goblins
  6 hobgoblins
  A quokka (D:2)
  A ball python (D:1)
  3 frilled lizards
  3 kobolds
  3 rats
  A plant (D:1)
36 creatures vanquished.

Notes
Turn   | Place    | Note
-------+----------+-------------------------------------------
     0 | D:1      | MalarOregon the Minotaur Berserker began the quest for the
                  | Orb.
     0 | D:1      | Reached XP level 1. HP: 19/19 MP: 0/0
    59 | D:1      | Reached XP level 2. HP: 15/27 MP: 1/1
   657 | D:2      | Noticed Terence
   660 | D:2      | Reached XP level 3. HP: 29/33 MP: 2/2
   661 | D:2      | Reached skill level 1 in Throwing
   682 | D:2      | Killed Terence
   787 | D:2      | Reached ** piety under Trog
   787 | D:2      | Reached XP level 4. HP: 40/40 MP: 3/3
   972 | D:2      | HP: 2/40 [gnoll/flail (5)]
   973 | D:2      | Slain by a gnoll

Skill      XL: |  1  2  3  4 |
---------------+-------------+-----
Long Blades    | 4 |  4.8
Throwing       | 1 |  1.5
Fighting       | 4 |  4.2
Armour         | 3 |  3.2
Dodging        | 3 |  3.0

Action                   |  1- 3 |  4- 6 || total
-------------------------+-------+-------++-------
Melee: Falchion          |    81 |    25 ||   106
       Headbutt          |    22 |     2 ||    24
Invok: Berserk           |     1 |     1 ||     2
  Eat: Chunk             |     1 |       ||     1
Armor: Chain mail        |    17 |    11 ||    28
Dodge: Dodged            |    28 |     9 ||    37
       Rpst.: Falchion   |     7 |     2 ||     9
